| TOP OF THE 1ST |
|
Colorado (EL) Rockies batting - Pitching for Pensacola Blue Wahoos : LHP Elijah McLeod
|
|
Pitching: LHP Elijah McLeod
|
|
|
Batting: LHB Nick Martin
|
0-0: Ball 1-0: Foul Ball, location: 2F 1-1: Foul Ball, location: 2F 1-2: Fly out, F8 (Flyball, 8RD, EV 82.5 MPH)
|
|
Batting: RHB Matviy Oliynyk
|
0-0: Ball 1-0: Swinging Strike 1-1: Ball 2-1: Ball 3-1: Fly out, F8 (Flyball, 8RD, EV 103.1 MPH)
|
|
Batting: RHB T.J. Williams
|
0-0: Ball 1-0: Fly out, F8 (Flyball, 8RXD, EV 89.4 MPH)
|
| Top of the 1st over - 0 runs, 0 hits, 0 errors, 0 left on base; Colorado (EL) 0 - Pensacola 0 |
| BOTTOM OF THE 1ST |
|
Pensacola Blue Wahoos batting - Pitching for Colorado (EL) Rockies : RHP Jalen Young
|
|
Pitching: RHP Jalen Young
|
|
|
Batting: RHB Tony Casas
|
0-0: Ball 1-0: Ball 2-0: Swinging Strike 2-1: Foul Ball, location: 2F 2-2: Fly out, F7 (Line Drive, 7, EV 88.1 MPH)
|
|
Batting: RHB Sang-ton Pak
|
0-0: Ball 1-0: Ball 2-0: Called Strike 2-1: Foul Ball, location: 2F 2-2: Ball 3-2: Base on Balls
|
|
Batting: RHB Jordan Torres
|
0-0: SINGLE (Groundball, 6D, EV 98.1 MPH) Sang-ton Pak to second
|
|
Batting: RHB Dave Ruiz
|
0-0: Called Strike 0-1: SINGLE (Groundball, 5D, EV 103.1 MPH) Sang-ton Pak to third Jordan Torres to second Runner from 3rd tries for Home, SAFE, throw by LF to home
|
|
Batting: RHB Steve Hansen
|
0-0: Grounds into double play, 3-6-3 (Groundball, 3, EV 88.1 MPH)
|
| Bottom of the 1st over - 1 run, 2 hits, 0 errors, 1 left on base; Colorado (EL) 0 - Pensacola 1 |
| TOP OF THE 2ND |
|
Colorado (EL) Rockies batting - Pitching for Pensacola Blue Wahoos : LHP Elijah McLeod
|
|
Batting: SHB Bobby Santor
|
0-0: Ball 1-0: Foul Ball, location: 2F 1-1: Ball 2-1: Ball 3-1: Base on Balls
|
|
Batting: RHB Zakhar Edelman
|
0-0: Ball 1-0: Called Strike Bobby Santor steals 2nd base 1-1: Ball 2-1: Ball 3-1: Fly out, F4 (Popup, 13S, EV 77.5 MPH)
|
|
Batting: RHB Pei Xie
|
0-0: Foul Ball, location: 2F 0-1: Ball 1-1: SINGLE (Groundball, P, EV 84.4 MPH) (infield hit) Bobby Santor to third
|
|
Batting: RHB Kevin McKasson
|
0-0: Ball 1-0: Ball 2-0: Called Strike 2-1: Foul Ball, location: 2F 2-2: Ball 3-2: TRIPLE (Flyball, 78XD, EV 98.8 MPH) Bobby Santor scores Pei Xie scores
|
|
Batting: LHB Daniel Green
|
0-0: Called Strike 0-1: Swinging Strike 0-2: Strikes out swinging
|
|
Batting: LHB Harry Folsom
|
0-0: Ball 1-0: Ball 2-0: Ball 3-0: Base on Balls
|
|
Batting: LHB Nick Martin
|
0-0: Called Strike 0-1: SINGLE (Groundball, 34D, EV 98.8 MPH) Kevin McKasson scores Harry Folsom to second Runner from 2nd tries for 3rd, SAFE, throw by RF made to third
|
|
Batting: RHB Matviy Oliynyk
|
0-0: Ball 1-0: Called Strike 1-1: DOUBLE (Flyball, 89XD, EV 106.2 MPH) Harry Folsom scores Nick Martin to third Runner from 3rd tries for Home, SAFE, throw by RF to trailing runner, SAFE at third!
|
|
Batting: RHB T.J. Williams
|
0-0: Called Strike 0-1: Called Strike 0-2: Ball 1-2: Ground out U3 (Groundball, 3, EV 81.2 MPH)
|
| Top of the 2nd over - 5 runs, 4 hits, 0 errors, 1 left on base; Colorado (EL) 5 - Pensacola 1 |
| BOTTOM OF THE 2ND |
|
Pensacola Blue Wahoos batting - Pitching for Colorado (EL) Rockies : RHP Jalen Young
|
|
Batting: RHB Joe Kooyers
|
0-0: Ball 1-0: Ball 2-0: Swinging Strike 2-1: Foul Ball, location: 2F 2-2: Strikes out swinging
|
|
Batting: LHB Brian Snyder
|
0-0: SINGLE (Groundball, 4D, EV 101.2 MPH)
|
|
Batting: RHB Matt Silva
|
0-0: Called Strike 0-1: Ball 1-1: Ball 2-1: Swinging Strike 2-2: Strikes out swinging
|
|
Batting: LHB Phil Lomax
|
0-0: SINGLE (Groundball, 6MD, EV 108.8 MPH) Brian Snyder to second Runner from 2nd tries for 3rd, SAFE, throw by CF made to third Phil Lomax to second
|
|
Batting: RHB Tony Casas
|
0-0: Called Strike 0-1: Ball 1-1: SINGLE (Groundball, 4MD, EV 96.2 MPH) Brian Snyder scores Phil Lomax to third Runner from 3rd tries for Home, SAFE, throw by CF to home
|
|
Batting: RHB Sang-ton Pak
|
0-0: Ball Tony Casas steals 2nd, throwing error, E2 Tony Casas to third 1-0: Foul Ball, location: 2F 1-1: SINGLE (Line Drive, 34D, EV 99.4 MPH) Tony Casas scores
|
|
Batting: RHB Jordan Torres
|
0-0: Called Strike 0-1: Ball Sang-ton Pak steals 2nd base 1-1: Foul Ball, location: 2F 1-2: Foul Ball, location: 2F 1-2: Strikes out swinging
|
| Bottom of the 2nd over - 3 runs, 4 hits, 1 error, 1 left on base; Colorado (EL) 5 - Pensacola 4 |
| TOP OF THE 3RD |
|
Colorado (EL) Rockies batting - Pitching for Pensacola Blue Wahoos : LHP Elijah McLeod
|
|
Batting: SHB Bobby Santor
|
0-0: Ball 1-0: Ball 2-0: SOLO HOME RUN (Flyball, 78XD, EV 101.2 MPH), Distance : 415 ft
|
|
Batting: RHB Zakhar Edelman
|
0-0: Ball 1-0: Called Strike 1-1: Ground out 4-3 (Groundball, 4, EV 83.8 MPH)
|
|
Batting: RHB Pei Xie
|
0-0: SINGLE (Flyball, 8RS, EV 93.8 MPH)
|
|
Pitching: RHP Dave Hammertime
|
|
|
Batting: RHB Kevin McKasson
|
0-0: Called Strike 0-1: Ball 1-1: Foul Ball, location: 2F 1-2: Ball 2-2: SINGLE (Flyball, 6D, EV 87.5 MPH) Pei Xie to second
|
|
Batting: LHB Daniel Green
|
0-0: Called Strike 0-1: Ball 1-1: Fly out, F7 (Flyball, 78D, EV 80.6 MPH) Runner from 2nd tags up, SAFE at 3rd with throw by LF
|
|
Batting: LHB Harry Folsom
|
0-0: Ball 1-0: Called Strike 1-1: SINGLE (Groundball, 34S, EV 95.0 MPH) Pei Xie scores Kevin McKasson to second Runner from 2nd tries for 3rd, SAFE, throw by RF made to third
|
|
Batting: LHB Nick Martin
|
0-0: Foul Ball, location: 2F 0-1: SINGLE (Line Drive, 9LS, EV 95.6 MPH) Kevin McKasson scores Harry Folsom to second Runner from 2nd tries for 3rd, SAFE, throw by RF made to third
|
|
Batting: RHB Matviy Oliynyk
|
0-0: Ball 1-0: Ball 2-0: Ball 3-0: Called Strike 3-1: Fielders Choice at 2nd, U6 (Groundball, 6M, EV 84.4 MPH)
|
| Top of the 3rd over - 3 runs, 5 hits, 0 errors, 2 left on base; Colorado (EL) 8 - Pensacola 4 |
| BOTTOM OF THE 3RD |
|
Pensacola Blue Wahoos batting - Pitching for Colorado (EL) Rockies : RHP Jalen Young
|
|
Batting: RHB Dave Ruiz
|
0-0: Ball 1-0: Called Strike 1-1: Ball 2-1: Swinging Strike 2-2: SINGLE (Groundball, 56, EV 107.5 MPH)
|
|
Batting: RHB Steve Hansen
|
0-0: Grounds into double play, 6-4-3 (Groundball, 6M, EV 81.2 MPH)
|
|
Batting: RHB Joe Kooyers
|
0-0: Ball 1-0: Ground out 5-3 (Groundball, 5, EV 107.5 MPH)
|
| Bottom of the 3rd over - 0 runs, 1 hit, 0 errors, 0 left on base; Colorado (EL) 8 - Pensacola 4 |
| TOP OF THE 4TH |
|
Colorado (EL) Rockies batting - Pitching for Pensacola Blue Wahoos : RHP Dave Hammertime
|
|
Batting: RHB T.J. Williams
|
0-0: Swinging Strike 0-1: Ball 1-1: Foul Ball, location: 2F 1-2: Ball 2-2: Foul Ball, location: 2F 2-2: SINGLE (Line Drive, 7S, EV 106.2 MPH)
|
|
Batting: SHB Bobby Santor
|
0-0: Foul Ball, location: 2F 0-1: SINGLE (Groundball, 5D, EV 100.0 MPH) T.J. Williams to second
|
|
Batting: RHB Zakhar Edelman
|
0-0: Ball 1-0: Grounds into double play, 6-4-3 (Groundball, 6, EV 99.4 MPH) T.J. Williams to third
|
|
Batting: RHB Pei Xie
|
0-0: Called Strike 0-1: SINGLE (Flyball, 7S, EV 90.0 MPH) T.J. Williams scores
|
|
Batting: RHB Kevin McKasson
|
0-0: SINGLE (Groundball, 56D, EV 93.8 MPH) Pei Xie to second
|
|
Batting: LHB Daniel Green
|
0-0: Ball 1-0: Called Strike 1-1: Reached on error, E5 (Groundball, 56S, EV 83.8 MPH) Pei Xie scores Kevin McKasson to third
|
|
Batting: LHB Harry Folsom
|
0-0: Fly out, F7 (Flyball, 7, EV 80.0 MPH)
|
| Top of the 4th over - 2 runs, 4 hits, 1 error, 2 left on base; Colorado (EL) 10 - Pensacola 4 |
| BOTTOM OF THE 4TH |
|
Pensacola Blue Wahoos batting - Pitching for Colorado (EL) Rockies : RHP Jalen Young
|
|
Batting: LHB Brian Snyder
|
0-0: Ground out U3 (Groundball, 23, EV 76.2 MPH)
|
|
Batting: RHB Matt Silva
|
0-0: Called Strike 0-1: Ball 1-1: Ground out 5-3 (Groundball, 15, EV 85.6 MPH)
|
|
Batting: LHB Phil Lomax
|
0-0: Ball 1-0: Foul Ball, location: 2F 1-1: Called Strike 1-2: Ball 2-2: Foul Ball, location: 2F 2-2: Foul Ball, location: 2F 2-2: Foul Ball, location: 2F 2-2: Strikes out looking
|
| Bottom of the 4th over - 0 runs, 0 hits, 0 errors, 0 left on base; Colorado (EL) 10 - Pensacola 4 |
| TOP OF THE 5TH |
|
Colorado (EL) Rockies batting - Pitching for Pensacola Blue Wahoos : RHP Dave Hammertime
|
|
Batting: LHB Nick Martin
|
0-0: Ball 1-0: Ball 2-0: Foul Ball, location: 2F 2-1: Foul Ball, location: 2F 2-2: Strikes out swinging
|
|
Batting: RHB Matviy Oliynyk
|
0-0: Ball 1-0: Called Strike 1-1: Ball 2-1: Foul Ball, location: 2F 2-2: Ball 3-2: Base on Balls
|
|
Batting: RHB T.J. Williams
|
0-0: Ball 1-0: Ball 2-0: Foul Ball, location: 2F 2-1: Swinging Strike 2-2: Strikes out swinging
|
|
Batting: SHB Bobby Santor
|
0-0: Ball 1-0: Swinging Strike 1-1: Ball 2-1: Ball 3-1: Base on Balls Matviy Oliynyk to second
|
|
Batting: RHB Zakhar Edelman
|
0-0: Called Strike 0-1: Called Strike 0-2: DOUBLE (Line Drive, 89D, EV 114.4 MPH) Matviy Oliynyk scores Bobby Santor to third Runner from 3rd tries for Home, SAFE, throw by RF to home
|
|
Batting: RHB Pei Xie
|
0-0: Called Strike 0-1: Called Strike 0-2: Strikes out swinging
|
| Top of the 5th over - 2 runs, 1 hit, 0 errors, 1 left on base; Colorado (EL) 12 - Pensacola 4 |
| BOTTOM OF THE 5TH |
|
Pensacola Blue Wahoos batting - Pitching for Colorado (EL) Rockies : RHP Jalen Young
|
|
Batting: RHB Tony Casas
|
0-0: SINGLE (Line Drive, 9LS, EV 95.0 MPH)
|
|
Batting: RHB Sang-ton Pak
|
0-0: Called Strike Tony Casas steals 2nd base 0-1: Called Strike 0-2: Strikes out swinging
|
|
Batting: RHB Jordan Torres
|
0-0: Ball 1-0: Ball 2-0: Ground out 6-3 (Groundball, 6, EV 106.9 MPH)
|
|
Batting: RHB Dave Ruiz
|
0-0: Ball 1-0: Ball 2-0: Swinging Strike 2-1: Swinging Strike 2-2: Strikes out swinging
|
| Bottom of the 5th over - 0 runs, 1 hit, 0 errors, 1 left on base; Colorado (EL) 12 - Pensacola 4 |
| TOP OF THE 6TH |
|
Colorado (EL) Rockies batting - Pitching for Pensacola Blue Wahoos : RHP Dave Hammertime
|
|
Batting: RHB Kevin McKasson
|
0-0: Called Strike 0-1: Called Strike 0-2: Strikes out looking
|
|
Batting: LHB Daniel Green
|
0-0: Swinging Strike 0-1: Ball 1-1: Ball 2-1: Ball 3-1: Base on Balls
|
|
Pitching: LHP Omar Guardado
|
|
|
Batting: LHB Harry Folsom
|
0-0: Called Strike 0-1: Ball 1-1: Ball 2-1: Grounds into double play, 4-6-3 (Groundball, 4, EV 86.2 MPH)
|
| Top of the 6th over - 0 runs, 0 hits, 0 errors, 0 left on base; Colorado (EL) 12 - Pensacola 4 |
| BOTTOM OF THE 6TH |
|
Pensacola Blue Wahoos batting - Pitching for Colorado (EL) Rockies : RHP Jalen Young
|
|
Batting: RHB Steve Hansen
|
0-0: Swinging Strike 0-1: Called Strike 0-2: Strikes out swinging
|
|
Batting: RHB Joe Kooyers
|
0-0: Called Strike 0-1: Ball 1-1: Called Strike 1-2: Strikes out looking
|
|
Batting: LHB Brian Snyder
|
0-0: Swinging Strike 0-1: Called Strike 0-2: Strikes out swinging
|
| Bottom of the 6th over - 0 runs, 0 hits, 0 errors, 0 left on base; Colorado (EL) 12 - Pensacola 4 |
| TOP OF THE 7TH |
|
Colorado (EL) Rockies batting - Pitching for Pensacola Blue Wahoos : LHP Omar Guardado
|
|
Batting: LHB Nick Martin
|
0-0: Called Strike 0-1: Ball 1-1: Ball 2-1: Foul Ball, location: 2F 2-2: Ball 3-2: Strikes out looking
|
|
Batting: RHB Matviy Oliynyk
|
0-0: Called Strike 0-1: Ball 1-1: Foul Ball, location: 2F 1-2: Ball 2-2: Strikes out swinging
|
|
Batting: RHB T.J. Williams
|
0-0: Swinging Strike 0-1: Foul Ball, location: 2F 0-2: Foul Ball, location: 2F 0-2: Ball 1-2: Strikes out swinging
|
| Top of the 7th over - 0 runs, 0 hits, 0 errors, 0 left on base; Colorado (EL) 12 - Pensacola 4 |
| BOTTOM OF THE 7TH |
|
Pensacola Blue Wahoos batting - Pitching for Colorado (EL) Rockies : RHP Jalen Young
|
|
Pitching: RHP Michael Conrad
|
|
|
Batting: RHB Matt Silva
|
0-0: Ball 1-0: Foul Ball, location: 2F 1-1: Called Strike 1-2: Ball 2-2: Foul Ball, location: 2F 2-2: Ball 3-2: Foul Ball, location: 2F 3-2: Base on Balls
|
|
Batting: LHB Phil Lomax
|
0-0: Swinging Strike 0-1: Ball 1-1: Ball 2-1: Swinging Strike 2-2: Strikes out swinging
|
|
Batting: RHB Tony Casas
|
0-0: Ball 1-0: Foul Ball, location: 2F 1-1: Foul Ball, location: 2F 1-2: Grounds into double play, 6-4-3 (Groundball, 6, EV 84.4 MPH)
|
| Bottom of the 7th over - 0 runs, 0 hits, 0 errors, 0 left on base; Colorado (EL) 12 - Pensacola 4 |
| TOP OF THE 8TH |
|
Colorado (EL) Rockies batting - Pitching for Pensacola Blue Wahoos : LHP Omar Guardado
|
|
Batting: SHB Bobby Santor
|
0-0: Ball 1-0: Swinging Strike 1-1: Ball 2-1: Ground out 5-3 (Groundball, 56, EV 76.9 MPH)
|
|
Batting: RHB Zakhar Edelman
|
0-0: Called Strike 0-1: Ball 1-1: Ball 2-1: Foul Ball, location: 2F 2-2: Strikes out swinging
|
|
Batting: RHB Pei Xie
|
0-0: Ball 1-0: Foul Ball, location: 2F 1-1: Foul Ball, location: 2F 1-2: Foul Ball, location: 2F 1-2: Strikes out swinging
|
| Top of the 8th over - 0 runs, 0 hits, 0 errors, 0 left on base; Colorado (EL) 12 - Pensacola 4 |
| BOTTOM OF THE 8TH |
|
Pensacola Blue Wahoos batting - Pitching for Colorado (EL) Rockies : RHP Michael Conrad
|
|
Batting: RHB Sang-ton Pak
|
0-0: Ground out 4-3 (Groundball, 4, EV 82.5 MPH)
|
|
Batting: RHB Jordan Torres
|
0-0: Called Strike 0-1: Ball 1-1: Called Strike 1-2: Ball 2-2: Strikes out swinging
|
|
Batting: RHB Dave Ruiz
|
0-0: Ball 1-0: Called Strike 1-1: Foul Ball, location: 2F 1-2: Foul Ball, location: 2F 1-2: Strikes out looking
|
| Bottom of the 8th over - 0 runs, 0 hits, 0 errors, 0 left on base; Colorado (EL) 12 - Pensacola 4 |
| TOP OF THE 9TH |
|
Colorado (EL) Rockies batting - Pitching for Pensacola Blue Wahoos : LHP Omar Guardado
|
|
Batting: RHB Kevin McKasson
|
0-0: Ball 1-0: Foul Ball, location: 2F 1-1: Ball 2-1: Ball 3-1: Base on Balls
|
|
Batting: LHB Daniel Green
|
0-0: Called Strike 0-1: Swinging Strike 0-2: Fielders Choice at 2nd, 3-6 (Groundball, 3, EV 87.5 MPH)
|
|
Batting: LHB Harry Folsom
|
0-0: Ball 1-0: Ball 2-0: Foul Ball, location: 2F 2-1: Fielders Choice at 2nd, 3-6 (Groundball, 34, EV 85.0 MPH)
|
|
Batting: LHB Nick Martin
|
0-0: Swinging Strike 0-1: Foul Ball, location: 2F 0-2: Foul Ball, location: 2F 0-2: Fly out, F8 (Flyball, 8LD, EV 101.9 MPH)
|
| Top of the 9th over - 0 runs, 0 hits, 0 errors, 1 left on base; Colorado (EL) 12 - Pensacola 4 |
| BOTTOM OF THE 9TH |
|
Pensacola Blue Wahoos batting - Pitching for Colorado (EL) Rockies : RHP Michael Conrad
|
|
Batting: RHB Steve Hansen
|
0-0: Called Strike 0-1: Swinging Strike 0-2: Ball 1-2: Ball 2-2: Ball 3-2: Base on Balls
|
|
Pitching: RHP Terry Sterling
|
|
|
Batting: RHB Joe Kooyers
|
0-0: Called Strike 0-1: Grounds into double play, 4-6-3 (Groundball, 4, EV 88.1 MPH)
|
|
Batting: LHB Brian Snyder
|
0-0: Ball 1-0: Swinging Strike 1-1: Foul Ball, location: 2F 1-2: Ball 2-2: Foul Ball, location: 2F 2-2: Strikes out swinging
|
| Bottom of the 9th over - 0 runs, 0 hits, 0 errors, 0 left on base; Colorado (EL) 12 - Pensacola 4 |
|